Map: 2000 Atmospheres LE

Players

llllllllllll - Winner!

  • Race: Protoss Protoss
  • League: Master
  • Spawn Location: 7:00

Gandawg

  • Race: Terran Terran
  • League: Master
  • Spawn Location: 3:00

VOD

Have the link to the VOD?

Description

Time

  • Played on: March 11, 2022, 7:52 p.m.
  • Length: 6:19
Show
View Real Time Build Order
Export as new Build Order

llllllllllll Protoss - Winner!

Build Orders: Proxy Void Ray 

Get SALT Encoding   

  12  0:00  Probe  
  13  0:12  Probe  
  14  0:17  Pylon  
  14  0:24  Probe  
  15  0:36  Gateway  
  15  0:38  Probe  
  16  0:42  Assimilator  
  16  0:50  Probe  
  16  0:52  Assimilator  
  17  1:02  Probe  
  18  1:14  Probe  
  19  1:23  Cybernetics Core  
  19  1:26  Probe  
  20  1:36  Pylon  
  20  1:38  Probe  
  21  1:40  Zealot (Chrono Boost)  
  23  1:59  Stargate  
  23  2:04  Stalker (Chrono Boost)  
  24  2:24  Stalker (Chrono Boost)  
  26  2:37  Pylon  
  30  2:45  Pylon  
  30  2:53  Pylon  
  30  3:00  Void Ray (Chrono Boost)  
  30  3:08  Stalker  
  30  3:10  Warp Gate  
  32  3:15  Shield Battery x2  
  32  3:22  Shield Battery  
  31  3:35  Void Ray  
  35  4:08  Shield Battery  
  35  4:12  Shield Battery, Void Ray (Chrono Boost)  
  39  4:44  Shield Battery  
  39  4:46  Void Ray (Chrono Boost)  
  39  4:52  Shield Battery  
  43  4:54  Shield Battery  
  43  5:00  Shield Battery  
  43  5:17  Void Ray (Chrono Boost)  
  45  5:37  Stalker  
Show
View Real Time Build Order
Export as new Build Order

Gandawg Terran 

Build Orders: Cyclone Opening 

Get SALT Encoding   

  12  0:00  SCV  
  13  0:12  SCV  
  14  0:18  Supply Depot  
  14  0:24  SCV  
  15  0:39  SCV  
  15  0:41  Barracks  
  16  0:44  Refinery  
  16  0:51  SCV  
  16  0:54  Refinery  
  17  1:03  SCV  
  18  1:15  SCV  
  19  1:28  Orbital Command  
  19  1:29  Reaper  
  19  1:30  Supply Depot  
  20  1:43  Factory  
  20  1:54  SCV  
  20  2:00  Marine  
  22  2:20  Barracks Reactor, SCV  
  23  2:27  Factory Tech Lab  
  23  2:29  Bunker  
  23  2:32  SCV  
  24  2:43  Supply Depot  
  24  2:45  SCV  
  24  2:49  Cyclone  
  27  2:56  Mag-Field Accelerator  
  27  2:57  Marine x2  
  29  3:01  SCV  
  30  3:13  Supply Depot, SCV  
  30  3:16  Engineering Bay  
  31  3:21  Cyclone  
  31  3:25  SCV  
  35  3:31  Marine x2  
  37  3:38  SCV  
  38  3:43  Bunker  
  38  3:50  SCV  
  38  3:52  Supply Depot  
  39  3:57  Cyclone  
  39  4:06  Marine x2  
  39  4:08  Starport  
  40  4:23  Marine  
  41  4:43  Cyclone  
  40  4:59  SCV  
  41  5:01  Viking  
  41  5:15  Marine  
  42  5:28  Cyclone  
  45  5:33  Viking, Marine  
  47  5:47  SCV  
  46  5:50  Marine  
Tags
 
Add a new tag
Caveats
  • Supply blocks, unpowered buildings, or Contaminate may cause inaccurate times.
  • Supply counts are checked every 10 seconds.